AoeStats
← Juanfreelance

Pilgrims

509445397Analyzed
2v2 RM · 6d ago on Sep 26, 2026· 18m 19s· 4 players
Game mode
Random Map
Map size
Medium (4 player)
Population
200
Speed
Normal
Resources
Standard
Victory
Conquest
Starting age
Dark Age
Ending age
Imperial Age
RankedLock teamsTeams togetherTeam positionsShared explorationLock speedFull tech treeHidden civsTurbo modeCheats
Victory
Defeat
🇩🇪 Khmer · Germany
1297
+14
🇩🇪 Romans · Germany
1265
+16
🇵🇦 Persians · Panama
1317
-17
🇧🇷 Mongols · Brazil
1208
-13
knorkerKokolores
5:03 Loom
9:47 Feudal Age
10:51 Double-Bit Axe
13:14 Fletching
19:19 Castle Age
18:24 Wheelbarrow
TheRealDrHoused
5:43 Loom
12:29 Feudal Age
15:40 Castle Age
14:37 Double-Bit Axe
14:47 Gold Mining
15:40 Bloodlines
16:03 Fishing Lines
17:32 Wheelbarrow
Juanfreelance
5:08 Loom
11:40 Feudal Age
15:15 Castle Age
14:07 Gold Mining
13:58 Horse Collar
14:04 Double-Bit Axe
17:40 Forging
17:23 Fletching
SirT_LeninBR
4:18 Loom
12:25 Feudal Age
13:18 Double-Bit Axe
Connection lost

Rejoining the realm…

Still unreachable

The connection could not be restored.

Session expired

The server has moved on; the page needs a fresh start.